 Dungeon Crawl Stone Soup version 0.22-a0-443-g17c3723 (webtiles) character file.

38 Kikal the Scratcher (level 3, -3/15 HPs)
             Began as a Felid Transmuter on May 31, 2018.
             Killed from afar by Sigmund (7 damage)
             ... with a magic dart
             ... on level 2 of the Dungeon.
             The game lasted 00:05:29 (1805 turns).

Kikal the Scratcher (Felid Transmuter)              Turns: 1805, Time: 00:05:30

Health: -3/15      AC:  1    Str:  6    XL:     3   Next: 25%
Magic:  1/7        EV: 18    Int: 15    God:
Gold:   135        SH:  0    Dex: 16    Spells: 0/6 levels left
                                        Lives:  0   Deaths: 0

rFire    . . .     SeeInvis +     - Unarmed
rCold    . . .     Gourm    .   (shield unavailable)
rNeg     . . .     Faith    .   (armour unavailable)
rPois    .         Spirit   .   (helmet unavailable)
rElec    .         Reflect  .   (cloak unavailable)
rCorr    .         Harm     .   (gloves unavailable)
MR       .....                  (boots unavailable)
Stlth    ++........             (no amulet)
HPRegen  0.05/turn              (no ring)
MPRegen  0.10/turn              (no ring)

@: appendage (expiring), quick
A: very small, no armour, no weapons or thrown items, stealth, claws 1, fangs 3,
horns 2, see invisible, carnivore, speed 1, shaggy fur 1, slow metabolism 1,
sharp paws
a: End Transformation


You were on level 2 of the Dungeon.
You were completely stuffed.
You had grown temporary horns.
You visited 1 branch of the dungeon, and saw 2 of its levels.

You collected 135 gold pieces.

Inventory:

Missiles
 a - 24 arrows
Jewellery
 d - an uncursed ring of fire {unknown}
 j - an uncursed ring of flight {unknown}
Scrolls
 e - 3 scrolls of remove curse {unknown}
 f - a scroll of blinking {unknown}
 g - a scroll of magic mapping {unknown}
 i - a scroll of teleportation {unknown}
 k - a scroll of noise {unknown}
 l - a scroll of identify {unknown}
 n - a scroll of fog {unknown}
Potions
 b - a potion of curing {unknown}
 h - a potion of haste {unknown}
Comestibles
 c - 4 rations
 m - a chunk of flesh


   Skills:
 - Level 1.0 Fighting
 - Level 2.6 Dodging
 + Level 3.7 Unarmed Combat
 - Level 2.0 Spellcasting
 + Level 3.3 Transmutations


You couldn't memorise any spells.
You knew the following spells:

 Your Spells              Type           Power        Failure   Level  Hunger
a - Beastly Appendage     Tmut           ##....       6%          1    #......
b - Sticks to Snakes      Tmut           ##......     9%          2    ###....
c - Spider Form           Tmut/Pois      #.........   34%         3    ###....

Your spell library contained the following spells:

 Spells                   Type           Power        Failure   Level  Hunger
 Blade Hands              Tmut           ##........   85%         5    ######.
 Ice Form                 Ice/Tmut       #.......     75%         4    #####..


Dungeon Overview and Level Annotations

Branches:
Dungeon (2/15)

Altars:

Annotations:
D:2 Sigmund


Innate Abilities, Weirdness & Mutations

You cannot wear armour.
You are incapable of wielding weapons or throwing items.
Your paws allow you to move quietly. (Stealth)
You have sharp claws.
You have razor-sharp teeth.
You have supernaturally acute eyesight. (SInv)
You are carnivorous and can eat meat at any time.
You cover ground quickly.
You are covered in fur. (AC +1)
You have a slow metabolism.
Your sharp claws are effective at attacking unaware monsters.
You have a pair of horns on your head.


Message History

Your transformation is almost over.
What are your orders? t - Meow!
Orders for allies: a - Attack new target. r - Retreat! s - Stop attacking. g - Guard the area. f - Follow me.
Anything else - Cancel.
Gang up on whom?
Aim: Sigmund, wielding a scythe, wearing a robe and carrying a wand of flame (20) (severely wounded) Attack!
Sigmund casts a spell at you. The magic dart hits your ball python.
Your ball python dies!
Your adder bites Sigmund but does no damage.
Sigmund misses you.
Your adder bites Sigmund.
Sigmund is poisoned.
Your adder poisons Sigmund!
You closely miss Sigmund.
Your adder closely misses Sigmund.
Sigmund casts a spell at you. The magic dart hits you!
You die...

..#.# #...#.#
#.#.# #...#.#
#...# #...#.#
....# #...#.#
##..###...#.#
.....).....^#
###..###.#########
...............@S#
####.###.#######@#
......##..# #.#
..........# #.#
####......# #.#
......#...# #.#
......#...# #.#
####......# #.#
....<.....# #.#
.###.#....# #.#


You could see Sigmund and a friendly adder.

Vanquished Creatures
  An ooze (D:2)
  A worm (D:2)
  2 leopard geckos (D:2)
  A ball python (D:2)
  A giant cockroach (D:2)
  A goblin (D:1)
  3 hobgoblins (D:1)
  4 jackals (D:2)
  2 kobolds (D:2)
  3 bats
  7 frilled lizards
  2 rats (D:1)
28 creatures vanquished.

Notes
Turn   | Place    | Note
-------+----------+-------------------------------------------
     0 | D:1      | Kikal the Felid Transmuter began the quest for the Orb.
     0 | D:1      | Reached XP level 1. HP: 9/9 MP: 4/4
   737 | D:1      | Reached XP level 2. HP: 12/12 MP: 6/6
   744 | D:1      | Learned a level 2 spell: Sticks to Snakes
  1113 | D:2      | Reached skill level 3 in Transmutations
  1342 | D:2      | Reached XP level 3. HP: 11/15 MP: 5/7
  1347 | D:2      | Learned a level 3 spell: Spider Form
  1783 | D:2      | Noticed Sigmund
  1805 | D:2      | Killed from afar by Sigmund

Vault maps used:
D:1:      dpeg_arrival_orchard, minmay_lizard_pond
D:2:      uniq_sigmund

Skill      XL: |  1  2 |
---------------+-------+-----
Transmutations | 3 |  3.3
Fighting       | |  1.0
Dodging        | |  2.6
Unarmed Combat | |  3.7
Spellcasting   | |  2.0

Action                   || total
-------------------------++-------
Melee: Unarmed           ||    91
       Bite              ||     9
       Headbutt          ||     3
       Punch             ||     1
 Cast: Beastly Appendage ||     8
       Sticks to Snakes  ||     3
 Stab: Sleeping          ||     3
  Eat: Chunk             ||     9
Armor: Skin              ||     9
Dodge: Dodged            ||    66

Table legend:
 A = Spawn XP
 B = Non-spawn XP
 C = Spawn XP percentage of total XP
 D = Spawn monster count
 E = Non-spawn monster count
 F = Spawn count percentage of total count
 G = Total turns spent on level
                    A         B        C        D         E        F      G
               +---------+---------+-------+---------+---------+-------+---------
         Total |       0 |      55 |   0.0 |       0 |      28 |   0.0 |  1805
               +---------+---------+-------+---------+---------+-------+---------
           D:1 |       0 |      18 |   0.0 |       0 |      14 |   0.0 |   838
           D:2 |       0 |      37 |   0.0 |       0 |      14 |   0.0 |   967
               +---------+---------+-------+---------+---------+-------+---------
